 Dungeon Crawl Stone Soup version 0.13.0-19-g8e0b589 (webtiles) character file.

146 Deemzul the Magician (level 4, -2/25 HPs)
             Began as an Octopode Wizard on Oct 24, 2013.
             Hit by a spear of returning thrown by a gnoll (6 damage)
             ... on Level 2 of the Dungeon.
             The game lasted 00:02:21 (1582 turns).

Deemzul the Magician (Octopode Wizard)              Turns: 1582, Time: 00:02:22

HP  -2/25        AC  1     Str  6      XL: 4   Next:  4%
MP   4/11        EV 12     Int 21      God:
Gold 86          SH  0     Dex 10      Spells:  3 memorised,  4 levels left

Res.Fire  : . . .   See Invis. : .   (no weapon)
Res.Cold  : . . .   Warding    : .   (no shield)
Life Prot.: . . .   Conserve   : .   b - +0 wizard hat
Res.Poison: .       Res.Corr.  : .   (no amulet)
Res.Elec. : .       Clarity    : .   (no ring)
Sust.Abil.: . .     Spirit.Shd : .   (no ring)
Res.Mut.  : .       Stasis     : .   (no ring)
Res.Rott. : .       Flight     : .   (no ring)
Saprovore : . . .                    (no ring)
                                     (no ring)
                                     (no ring)
                                     (no ring)

@: slightly resistant to hostile enchantments, very stealthy
A: almost no armour, amphibious, 8 rings, constrict 8, camouflage 1, AC +1
a: no special abilities


You were on level 2 of the Dungeon.
You were very hungry.

You visited 1 branch of the dungeon, and saw 2 of its levels.

You collected 66 gold pieces.

Inventory:

Armour
 b - a +0 wizard hat (worn)
Comestibles
 d - a bread ration
 i - a meat ration
Scrolls
 a - 2 scrolls of identify {unknown}
 e - a scroll of enchant armour {unknown}
 f - a scroll of magic mapping {unknown}
 g - 2 scrolls of teleportation {unknown}
 j - a scroll of recharging {unknown}
Potions
 h - a potion of brilliance {unknown}
Books
 c - a book of Minor Magic

   Spells                             Type                      Level
   *Magic Dart                        Conjuration                  1
   Blink                              Translocation                2
   *Call Imp                          Summoning                    2
   Repel Missiles                     Charms/Air                   2
   Slow                               Hexes                        2
   *Conjure Flame                     Conjuration/Fire             3
   Mephitic Cloud                     Conjuration/Poison/Air       3


   Skills:
 - Level 2.0 Dodging
 - Level 2.6 Stealth
 * Level 3.8 Spellcasting
 * Level 2.6 Conjurations
 - Level 1.0 Summonings
   Level 1.0 Translocations


You had 4 spell levels left.
You knew the following spells:

 Your Spells              Type           Power        Failure   Level  Hunger
a - Magic Dart            Conj           ###.         4%          1    None
b - Call Imp              Summ           #.........   14%         2    #......
c - Conjure Flame         Conj/Fire      #.......     24%         3    ###....


Dungeon Overview and Level Annotations

Branches:
Dungeon (2/27)

Altars:


Innate Abilities, Weirdness & Mutations

You cannot wear most types of armour.
You are amphibious.
You can wear up to eight rings at the same time.
You can use your tentacles to constrict many enemies at once.
Your skin changes colour to match your surroundings (Stlth).
Your rubbery body absorbs attacks (AC +1).


Message History

You hear a splash.
You see here a stone.
Casting: Conjure Flame
Confirm with . or Enter, or press ? or * to list all spells.
Aiming: Conjure Flame
Press: ? - help, Dir - move target cursor The fire roars!
You are feeling very hungry.
The goblin shoots a stone.
The stone misses you.
The goblin shoots a stone.
The stone hits you!
You hear a splash.
You see here a stone.
The goblin shoots a stone.
The stone hits you!
* * * LOW HITPOINT WARNING * * *
You hear a splash.
You see here a stone.
The gnoll throws a spear of returning.
The spear of returning misses you.
The weapon returns to the gnoll!
The gnoll throws a spear of returning.
The spear of returning hits you!
You die...

.# #.###.##########..###..#
.# #.# #.# #..# #..#
######.###.# #..# #..#
...........##########..###..#
######......................#
##########...###..###..#####
##....##..# #.......
##..≈≈≈....# #..#####
##.()@≈≈≈≈..# #..#
#..≈≈≈≈≈≈≈≈.# #..#####
##.≈(#≈≈≈#≈≈.###.......
#.≈≈(≈≈≈≈≈≈≈..##.######
#g≈g≈≈≈>≈≈≈≈.......#
#..≈(≈≈≈≈≈≈≈...###.#
##..(#≈≈≈#≈≈...# ...
#.g≈≈≈≈≈≈≈....###.###
##g.g≈≈≈≈≈.[......#


You could see 3 gnolls and a goblin.

Vanquished Creatures
  An adder (D:2)
  2 giant geckos (D:1)
  A ball python (D:1)
  6 bats
  15 goblins
  8 hobgoblins
  5 kobolds (D:1)
  A quokka (D:2)
  A giant newt (D:1)
  6 rats
46 creatures vanquished.

Notes
Turn   | Place    | Note
--------------------------------------------------------------
     0 | D:1      | Deemzul, the Octopode Wizard, began the quest for the Orb.
     0 | D:1      | Reached XP level 1. HP: 9/9 MP: 5/5
    93 | D:1      | Reached XP level 2. HP: 6/15 MP: 0/7
   544 | D:1      | Reached XP level 3. HP: 10/19 MP: 2/9
   857 | D:1      | Learned a level 2 spell: Call Imp
   861 | D:1      | Learned a level 3 spell: Conjure Flame
  1291 | D:2      | Reached XP level 4. HP: 19/25 MP: 1/11
  1582 | D:2      | Hit by a spear of returning thrown by a gnoll

Action                   |  1- 3 |  4- 6 || total
-------------------------+-------+-------++-------
Melee: Unarmed           |    26 |       ||    26
 Cast: Magic Dart        |    85 |    10 ||    95
       Conjure Flame     |       |     1 ||     1
  Use: Potion            |     1 |       ||     1
